 Dungeon Crawl Stone Soup version 0.28-a0-1493-g08698888e4 (webtiles) character file.

Game seed: 10372398227415696429

1227 lunkers the Reanimator (level 8, -5/52 HPs)
             Began as a Vampire Necromancer on Jan 12, 2022.
             Slain by an ogre (31 damage)
             ... on level 5 of the Dungeon.
             The game lasted 00:10:31 (4455 turns).

lunkers the Reanimator (Vampire Necromancer)        Turns: 4455, Time: 00:10:32

Health: -5/52      AC:  2    Str: 10    XL:     8   Next: 23%
Magic:  6/15       EV: 12    Int: 19    God:
Gold:   112        SH:  0    Dex: 15    Spells: 13/17 levels left

rFire   . . .      SeeInvis +   m - +4 dagger of Mennygup {venom, Will+ Str+3}
rCold   + . .      Faith    .   (no shield)
rNeg    . . .      Spirit   .   a - +0 robe
rPois   .          Reflect  .   (no helmet)
rElec   .          Harm     .   (no cloak)
rCorr   .          Rampage  .   (no gloves)
Will    +....                   (no boots)
Stlth   +++.......              (no amulet)
HPRegen 0.37/turn               l - ring of protection from cold
MPRegen 0.14/turn               (no ring)

@: healing quickly
A: alive, fangs 3, see invisible, vampiric 2
a: Exsanguinate


You were on level 5 of the Dungeon.
You visited 1 branch of the dungeon, and saw 5 of its levels.

You collected 252 gold pieces.
You spent 140 gold pieces at shops.

Inventory:

Hand Weapons
 c - a +0 dagger
 m - the +4 dagger of Mennygup (weapon) {venom, Will+ Str+3}
   (You bought it in a shop on level 4 of the Dungeon)

   It poisons the flesh of those it strikes.
   Str:       It affects your strength (+3).
   Will:      It increases your willpower.
Armour
 a - a +0 robe (worn)
Jewellery
 h - a ring of fire
 l - a ring of protection from cold (left hand)
Scrolls
 d - 4 scrolls of teleportation
 f - a scroll of fog
 j - a scroll of blinking
Potions
 b - a potion of lignification
 e - a potion of flight
 g - a potion of invisibility {unknown}
 i - a potion of cancellation {unknown}
 k - a potion of mutation {unknown}


   Skills:
 + Level 2.2 Short Blades
 - Level 2.1 Dodging
 + Level 4.5 Stealth
 + Level 5.1 Spellcasting
 * Level 9.6 Necromancy


You had 13 spell levels left.
You knew the following spells:

 Your Spells              Type           Power      Damage    Failure   Level
a - Pain                  Necr           100%       1d9       1%          1
b - Vampiric Draining     Necr           41%        2d8       1%          3

Your spell library contained the following spells:

 Spells                   Type           Power      Damage    Failure   Level
 Animate Skeleton         Necr           82%        N/A       1%          1
 Animate Dead             Necr           20%        N/A       2%          4
 Agony                    Necr           41%        N/A       7%          5
 Blink                    Tloc           8%         N/A       19%         2
 Dazzling Flash           Conj/Hex       8%         N/A       36%         3
 Lesser Beckoning         Tloc           4%         N/A       36%         3
 Iskenderun's Mystic Bla  Conj/Tloc      4%         2d3       77%         4
 Manifold Assault         Tloc           4%         N/A       98%         5
 Starburst                Conj/Fire      2%         6d3       100%        6


Dungeon Overview and Level Annotations

Branches:
Dungeon (5/15)
 Temple: D:4-7

Altars:
Trog

Shops:
D:1 ?   D:2 (:   D:4 *   D:5 (

Annotations:
D:5 1 runed translucent door, osuadh's ghost, novice MiFi


Innate Abilities, Weirdness & Mutations

Your natural rate of healing is accelerated.
You have razor-sharp teeth.
You have supernaturally acute eyesight. (SInv)
You are afflicted with vampirism and can become a bat while bloodless.


Message History

You now have 100 gold pieces (gained 10).
You see here an iguana corpse.
You now have 112 gold pieces (gained 12).
k - an emerald potion Osuadh's ghost says, "Your soul may be of use to me."
Osuadh's ghost says, "First you will die, then you will suffer."
Osuadh's ghost whispers, "They're coming for you..."
Found a robe.
An ogre comes into view. It is wielding a +0 giant spiked club.
An ogre is nearby!
An ogre is nearby!
Okay, then.
Found a robe.
The ogre shouts!
The ogre hits you with a +0 giant spiked club!!
Ouch! That really hurt!
* * * LOW HITPOINT WARNING * * *
Casting: Pain (safe; 1% risk of failure)
Confirm with . or Enter, or press ? or * to list all spells.
Aiming: Vampiric Draining (safe; 1% risk of failure)
Press: ? - help, Shift-Dir - straight line, f - ogre
Aim: an ogre, wielding a +0 giant spiked club You draw life force from the ogre!
You feel life coursing into your body.
Casting: Vampiric Draining (safe; 1% risk of failure)
Confirm with . or Enter, or press ? or * to list all spells.
Aiming: Vampiric Draining (safe; 1% risk of failure)
Press: ? - help, Shift-Dir - straight line, f/p - ogre
Aim: an ogre, wielding a +0 giant spiked club (moderately wounded)
You draw life force from the ogre.
You feel life coursing into your body.
The ogre hits you with a +0 giant spiked club!
* * * LOW HITPOINT WARNING * * *
Casting: Vampiric Draining (safe; 1% risk of failure)
Confirm with . or Enter, or press ? or * to list all spells.
Aiming: Vampiric Draining (safe; 1% risk of failure)
Press: ? - help, Shift-Dir - straight line, f/p - ogre
Aim: an ogre, wielding a +0 giant spiked club (heavily wounded)
You draw life force from the ogre!
You feel life coursing into your body.
The ogre hits you with a +0 giant spiked club!!
Ouch! That really hurt!
You die...

#### ##..## .....#
####### .....##
###.....#####
......###..........[##
.....###.............#
....####.#......@O...#
....###..#...........#
#..#.#..###....[.....#
#####...# #........###
##..# ##....#### #..#
###### ##.# #.## ##.#


You could see an ogre.

Vanquished Creatures
  A hornet (D:5)
  A steam dragon (D:5)
  2 ogres
  A centaur (D:5)
  A phantom (D:4)
  3 scorpions
  A bullfrog zombie (D:5)
  An orc priest (D:2)
  Jessica (D:3)
  2 orc wizards (D:5)
  5 iguanas
  5 adders
  An ufetubus (D:5)
  An adder zombie (D:5)
  An adder skeleton (D:4)
  2 worms
  A dart slug (D:4)
  6 orcs
  10 ball pythons
  3 endoplasms
  6 giant cockroaches
  4 goblins
  5 hobgoblins
  4 jackals (D:3)
  3 kobolds
  A quokka (D:5)
  7 bats
  7 frilled lizards
  5 rats
91 creatures vanquished.

Notes
Turn   | Place    | Note
-------+----------+-------------------------------------------
     0 | D:1      | lunkers the Vampire Necromancer began the quest for the
                  | Orb.
     0 | D:1      | Reached XP level 1. HP: 13/13 MP: 3/3
   182 | D:1      | Reached XP level 2. HP: 16/19 MP: 1/5
   332 | D:1      | Reached skill level 5 in Necromancy
   552 | D:1      | Found Weabukku's Magic Scroll Shop.
   818 | D:2      | Gained mutation: You are afflicted with vampirism and can
                  | become a bat while bloodless. [Vampire growth]
   818 | D:2      | Reached XP level 3. HP: 15/24 MP: 1/6
   887 | D:2      | Found Kurudeb's Book Shop.
  1037 | D:2      | Identified the +11 hand axe of Painful Death {vorpal, rC+
                  | Str+5 Dex-4}
  1051 | D:2      | Learned a level 3 spell: Vampiric Draining
  1238 | D:2      | Found Qaurubi's Weapon Shop.
  1431 | D:2      | Noticed a scorpion
  1439 | D:2      | Killed a scorpion
  1440 | D:2      | Reached skill level 6 in Necromancy
  1440 | D:2      | Reached XP level 4. HP: 10/30 MP: 0/8
  1708 | D:2      | Reached XP level 5. HP: 31/35 MP: 3/9
  1763 | D:2      | Found a faded altar of an unknown god.
  2153 | D:3      | Noticed Jessica
  2157 | D:3      | Killed Jessica
  2250 | D:3      | Found a bloodstained altar of Trog.
  2525 | D:3      | Reached skill level 7 in Necromancy
  2769 | D:4      | Reached XP level 6. HP: 30/41 MP: 5/11
  3299 | D:4      | Found Nisitum's Assorted Antiques.
  3306 | D:4      | Reached skill level 8 in Necromancy
  3306 | D:4      | Reached XP level 7. HP: 41/46 MP: 13/13
  3322 | D:4      | Bought a slimy dagger for 140 gold pieces
  3322 | D:4      | Identified the +4 dagger of Mennygup {venom, Will+ Str+3}
                  | (You bought it in a shop on level 4 of the Dungeon)
  3486 | D:5      | Entered Level 5 of the Dungeon
  3486 | D:5      | Found Tacreul's Antique Weapon Shoppe.
  3552 | D:5      | Noticed a steam dragon
  3559 | D:5      | Killed a steam dragon
  3723 | D:5      | Reached skill level 9 in Necromancy
  4048 | D:5      | Noticed a hornet
  4054 | D:5      | Killed a hornet
  4055 | D:5      | Reached skill level 1 in Short Blades
  4055 | D:5      | Reached skill level 5 in Spellcasting
  4055 | D:5      | Reached XP level 8. HP: 36/52 MP: 6/15
  4293 | D:5      | Found a runed translucent door.
  4293 | D:5      | Noticed osuadh's ghost (novice MiFi)
  4455 | D:5      | Slain by an ogre

Illustrated notes

Levels and vault maps discovered:
D:1:      saegor_arrival_simple_e, layout_rooms, serial_shops, shop,
          st_stairs_14, nrook_campfire, minmay_tetromino_o2
D:2:      layout_rooms, serial_shops, nicolae_shop_bloodbath_and_beyond, shop,
          shapermc_ecumenical_altar_flowoftime
D:3:      layout_basic, mainiacjoe_overflow_catwalk, uniq_jessica
D:4:      layout_cave_pools, serial_shops, kennysheep_little_box
D:5:      cheibrodos_two_vegetables, layout_cave_pods, serial_shops,
          nicolae_shop_stone, hellmonk_ghost_happy_afterlife, grunt_ministairs_5

Skill      XL: |  1  2  3  4  5  6  7  8 |
---------------+-------------------------+-----
Necromancy     | 5 6 7 8 9 |  9.6
Spellcasting   | 3 4 5 |  5.1
Short Blades   | 1 2 |  2.2
Stealth        | 4 |  4.5
Dodging        | |  2.1

Action                   |  1- 3 |  4- 6 |  7- 9 || total
-------------------------+-------+-------+-------++-------
Melee: Dagger            |     9 |       |    31 ||    40
       Hand axe          |     4 |    10 |       ||    14
 Cast: Pain              |    75 |    71 |    24 ||   170
       Vampiric Draining |       |     2 |    14 ||    16
  Use: Scroll            |     3 |     1 |     3 ||     7
Armor: Robe              |     6 |       |     5 ||    11
Dodge: Dodged            |    12 |    13 |    27 ||    52

Table legend: (Time is in decaauts)
 A = Elapsed time spent in this place.
 B = Non-inter-level travel time spent in this place.
 C = Inter-level travel time spent in this place.
 D = Time resting spent in this place.
 E = Time spent auto-exploring this place.
 F = Levels seen in this place.
 G = Mean time per level.
                   A        B        C        D        E       F      G
               +--------+--------+--------+--------+--------+-----+--------+
         Total |   4457 |   4386 |     71 |     50 |   3738 |   5 |  891.4 |
       Dungeon |   4457 |   4386 |     71 |     50 |   3738 |   5 |  891.4 |
               +--------+--------+--------+--------+--------+-----+--------+

Top non-repeatable levels by time:
     D:2: 1205 daAuts
     D:5: 967 daAuts
     D:3: 839 daAuts
     D:4: 726 daAuts
     D:1: 717 daAuts
